 Dungeon Crawl Stone Soup version 0.30-a0-169-g06f667207d (webtiles) character file.

Game seed: 16778480546591311312

58 qw the Chopper (level 4, 0/28 HPs)
             Began as a Gargoyle Fighter on Sept 30, 2022.
             Slain by an orc
             ... wielding a +0 mace
              (4 damage)
             ... on level 2 of the Dungeon.
             The game lasted 00:00:44 (1906 turns).

qw the Chopper (Gargoyle Fighter)                   Turns: 1906, Time: 00:00:45

Health: 0/28       AC: 10    Str: 21    XL:     4   Next: 1%
Magic:  4/4        EV:  9    Int:  9    God:
Gold:   131        SH:  4    Dex:  9    Spells: 3/3 levels left

rFire   . . .      SeeInvis +    Y - +0 war axe
rCold   . . .      Faith    .    c - +0 buckler
rNeg    + . .      Spirit   .    b - +0 scale mail
rPois   inf        Reflect  .    (no helmet)
rElec   +          Harm     .    (no cloak)
rCorr   .          Rampage  .    (no gloves)
Will    .....                    (no boots)
Stlth   ..........               (no amulet)
HPRegen 0.09/turn                i - ring of see invisible
MPRegen 0.09/turn                (no ring)

@: about to teleport
A: sickness immunity, AC +3, negative energy resistance 1, electricity
resistance, torment resistance 1, petrification resistance
a: no special abilities


You were on level 2 of the Dungeon.
You visited 1 branch of the dungeon, and saw 2 of its levels.

You collected 131 gold pieces.


Innate Abilities, Weirdness & Mutations

You are immune to sickness and miasma.
Your stone body is resilient. (AC +3)
You are immune to poison.
You resist negative energy. (rN+)
You are resistant to electric shocks. (rElec)
You are resistant to unholy torment.
You are immune to petrification.


   Skills:
 - Level 3.2 Fighting
 + Level 3.8 Axes
 - Level 3.2 Armour
 - Level 3.2 Shields


You had 3 spell levels left.
You didn't know any spells.
Your spell library was empty.

Inventory:

Hand Weapons
 k - a +4 whip
 Y - a +0 war axe (weapon)
Armour
 b - a +0 scale mail (worn)
 c - a +0 buckler (worn)
Jewellery
 i - a ring of see invisible (left hand)
Scrolls
 a - a scroll of brand weapon {unknown}
 e - 2 scrolls of identify
 h - a scroll of teleportation
 j - a scroll of poison {unknown}
Potions
 d - a potion of might
 f - a potion of magic {unknown}
 g - a potion of curing

Dungeon Overview and Level Annotations

Branches:
Dungeon (2/15)

Altars:


Message History

The boomerang hits you but does no damage.
1890 ||| Stepping ~*~*~tactically~*~*~ (hiding).
You see here a worm corpse.
You start waiting.
A kobold is nearby!
You miss the kobold. The kobold hits you with a +0 whip.
You slash the kobold!
You kill the kobold!
1896 ||| FLEEEEING.
An orc comes into view. It is wielding a +0 mace.
The orc shouts!
The orc throws a boomerang.
The boomerang hits you.
The orc moves out of view.
The orc priest looks encouraged for a moment.
The orc hits you with a +0 trident.
You slash the orc!
You kill the orc!
You barely miss the orc. The orc barely misses you.
You barely miss the orc. The orc hits you but does no damage.
A hobgoblin comes into view.
The orc priest mumbles some strange prayers to Beogh against you.
Beogh smites you! You block the orc's attack.
The hobgoblin shouts!
You hit the orc.
You kill the orc!
The orc priest begins to cast a cantrip, but forgets the words!
You have reached level 4!
You feel clever.
1901 ||| Stepping ~*~*~tactically~*~*~ (hiding).
1902 ||| Stepping ~*~*~tactically~*~*~ (hiding).
1903 ||| Stepping ~*~*~tactically~*~*~ (hiding).
1904 ||| Stepping ~*~*~tactically~*~*~ (hiding).
1905 ||| READING 2 scrolls of teleportation.
As you read the scroll of teleportation, it crumbles to dust.
You feel strangely unstable. The orc hits you with a +0 mace.
You hit the orc but do no damage. The orc closely misses you.
The orc hits you with a +0 mace.
You die...

#...#....#. #........
#...... ..# #..o)#
.....# #))#### #....#
#..%..# #..#.# ##.##.#
#..#.# ###o##.# ..#.#
#...o@.#
#.#.#####.###..#
####)#.......# #..#####.
#.)........).###%.......
#.##.....%........######
..######.#####)#### ###
#.# #.# ..# #.# #.# #.#
#.# #.#


You could see an orc priest and an orc.

Vanquished Creatures
  A worm (D:2)
  2 dart slugs
  2 orcs (D:2)
  5 ball pythons (D:1)
  5 endoplasms
  4 giant cockroaches (D:1)
  4 hobgoblins (D:1)
  A quokka (D:1)
  5 bats
  2 frilled lizards
  4 goblins
  7 kobolds
  4 rats (D:1)
46 creatures vanquished.

Notes
Turn   | Place    | Note
-------+----------+-------------------------------------------
     0 | D:1      | qw the Gargoyle Fighter began the quest for the Orb.
     0 | D:1      | Reached XP level 1. HP: 14/14 MP: 1/1
     0 | D:1      | 0 ||| qw: Version: 0.2-a-12-gaebbb33
     0 | D:1      | 0 ||| qw: Game counter: 1414
     0 | D:1      | 0 ||| qw: Always use a shield: true
     0 | D:1      | 0 ||| qw: God list: Okawaru
     0 | D:1      | 0 ||| qw: Allow faded altars: false
     0 | D:1      | 0 ||| qw: Do Orc after D:15 true
     0 | D:1      | 0 ||| qw: Do second Lair branch before Depths: true
     0 | D:1      | 0 ||| qw: Lair rune preference: random
     0 | D:1      | 0 ||| qw: Plans: Normal, Zot:1-4, God:TSO, Crypt, Tomb,
                  | Pan, Slime:5, Hells, Abyss, Orb
     0 | D:1      | 0 ||| PLANNING D:1-11
    99 | D:1      | HP: 3/14 [ball python (1)]
   430 | D:1      | Reached XP level 2. HP: 19/19 MP: 2/2
   443 | D:1      | Found a faded altar of an unknown god.
   564 | D:1      | 564 ||| READING scroll labelled KAWAET KYTI.
   864 | D:1      | Reached skill level 3 in Axes
   887 | D:1      | Reached XP level 3. HP: 23/23 MP: 3/3
  1209 | D:1      | 1209 ||| DROPPING +0 mace.
  1225 | D:1      | 1225 ||| Stepping ~*~*~tactically~*~*~ (stealth).
  1531 | D:1      | 1531 ||| UPGRADING to ring of see invisible.
  1532 | D:1      | 1532 ||| READING scroll labelled WIMAFA NACIOWN.
  1533 | D:1      | 1533 ||| READING 4 scrolls labelled GIORAX GYAME.
  1534 | D:1      | 1534 ||| DRINKING 2 emerald potions.
  1535 | D:1      | 1535 ||| READING 3 scrolls of identify.
  1535 | D:1      | 1535 ||| IDENTIFYING purple potion
  1536 | D:1      | 1536 ||| DROPPING potion of invisibility.
  1647 | D:2      | 1647 ||| Stepping ~*~*~tactically~*~*~ (hiding).
  1853 | D:2      | 1853 ||| Stepping ~*~*~tactically~*~*~ (stealth).
  1864 | D:2      | 1864 ||| Stepping ~*~*~tactically~*~*~ (stealth).
  1867 | D:2      | 1867 ||| Stepping ~*~*~tactically~*~*~ (stealth).
  1888 | D:2      | 1888 ||| Stepping ~*~*~tactically~*~*~ (stealth).
  1890 | D:2      | 1890 ||| Stepping ~*~*~tactically~*~*~ (hiding).
  1896 | D:2      | 1896 ||| FLEEEEING.
  1901 | D:2      | Reached XP level 4. HP: 7/28 MP: 4/4
  1901 | D:2      | 1901 ||| Stepping ~*~*~tactically~*~*~ (hiding).
  1902 | D:2      | 1902 ||| Stepping ~*~*~tactically~*~*~ (hiding).
  1903 | D:2      | 1903 ||| Stepping ~*~*~tactically~*~*~ (hiding).
  1904 | D:2      | 1904 ||| Stepping ~*~*~tactically~*~*~ (hiding).
  1905 | D:2      | 1905 ||| READING 2 scrolls of teleportation.
  1905 | D:2      | HP: 4/28 [orc/+0 mace (4)]
  1906 | D:2      | Slain by an orc

Levels and vault maps discovered:
D:1:      shiori_shiawase, layout_loops_ring, nicolae_ecumenical_lake_church,
          chequers_avenue, kennysheep_decorative_pillar
D:2:      layout_loops_ring, skrybe_limestone_x, minmay_tetromino_i4

Skill      XL: |  1  2 |
---------------+-------+-----
Axes           | 2 3 |  3.8
Fighting       | |  3.2
Armour         | |  3.2
Shields        | |  3.2

Action                   |  1- 3 |  4- 6 || total
-------------------------+-------+-------++-------
Melee: War axe           |   134 |     1 ||   135
  Use: Scroll            |     4 |     1 ||     5
       Potion            |     1 |       ||     1
Armor: Scale mail        |    74 |       ||    74
Dodge: Dodged            |    57 |     1 ||    58
Block: Buckler           |    16 |       ||    16

Table legend:
 A = Non-vault XP
 B = Vault XP
 C = Vault XP percentage of total XP
 D = Non-vault monster count
 E = Vault monster count
 F = Vault count percentage of total count
                 A         B        C        D         E       F
            +---------+---------+-------+---------+---------+-------
      Total |      83 |       0 |   0.0 |      46 |       0 |   0.0
            +---------+---------+-------+---------+---------+-------
        D:1 |      52 |       0 |   0.0 |      31 |       0 |   0.0
        D:2 |      31 |       0 |   0.0 |      15 |       0 |   0.0
            +---------+---------+-------+---------+---------+-------
